 Dungeon Crawl Stone Soup version 0.32-a0-22-g6ae6769602 (webtiles) character file.

Game seed: 2466125455224639811

149 Essalna the Digger (level 5, -1/28 HPs)
             Began as a Gargoyle Earth Elementalist on Jan 18, 2024.
             Slain by a gnoll
             ... wielding a +0 flail
             ... led by a gnoll bouda
              (7 damage)
             ... on level 4 of the Dungeon.
             The game lasted 00:03:42 (2427 turns).

Essalna the Digger (Gargoyle Earth Elementalist)    Turns: 2427, Time: 00:03:43

Health: -1/28      AC:  7    Str: 12    XL:     5   Next: 31%
Magic:  6/9        EV: 11    Int: 17    God:
Gold:   138        SH:  0    Dex: 10    Spells: 9/10 levels left

rFire   . . .        (no weapon)
rCold   . . .        (no shield)
rNeg    + . .        a - +0 robe
rPois   ∞            d - +0 helmet
rElec   +            (no cloak)
rCorr   .            (no gloves)
SInv    .            (no boots)
Will    .....        (no amulet)
Stlth   ++           (no ring)
HPRegen 0.24/turn    (no ring)
MPRegen 0.11/turn

%: no passive effects
@: about to teleport
A: sickness immunity, AC +4, negative energy resistance 1, electricity
resistance, torment resistance 1, petrification resistance
a: no special abilities


You were on level 4 of the Dungeon.
You visited 1 branch of the dungeon, and saw 4 of its levels.

You collected 138 gold pieces.

Inventory:

Missiles
 l - 4 datura-tipped darts
Armour
 a - a +0 robe (worn)
 d - a +0 helmet (worn)
Scrolls
 e - 2 scrolls of teleportation
 f - a scroll of identify {unknown}
 g - a scroll of butterflies {unknown}
 h - a scroll of revelation {unknown}
 j - a scroll of blinking {unknown}
 m - a scroll of brand weapon {unknown}
Potions
 b - a potion of magic
 c - a potion of attraction {unknown}
 i - a potion of invisibility {unknown}
 k - a potion of heal wounds {unknown}


   Skills:
 - Level 1.5 Dodging
 - Level 2.1 Stealth
 + Level 3.3 Spellcasting
 + Level 3.1 Conjurations
 + Level 5.0 Earth Magic


You had 9 spell levels left.
You knew the following spells:

 Your Spells              Type           Power      Damage    Failure   Level
a - Sandblast             Erth           38%        2d10      2%          1

Your spell library contained the following spells:

 Spells                   Type           Power      Damage    Failure   Level
 Passwall                 Erth           19%        N/A       6%          3
 Stone Arrow              Conj/Erth      32%        3d9       10%         3
 Static Discharge         Conj/Air       16%        3-4/arc   14%         2
 Brom's Barrelling Bould  Conj/Erth      16%        2d4       32%         4
 Petrify                  Alch/Erth      11%        N/A       52%         4
 Airstrike                Air            1%         2d(1-17)  86%         4
 Summon Lightning Spire   Summ/Air       2%         N/A       86%         4


Dungeon Overview and Level Annotations

Branches:
Dungeon (4/15)
 Temple: D:4-7

Altars:

Shops:
D:2 (


Innate Abilities, Weirdness & Mutations

You are immune to sickness and miasma.
Your stone body is resilient. (AC +4)
You are immune to poison.
You resist negative energy. (rN+)
You are resistant to electric shocks. (rElec)
You are resistant to unholy torment.
You are immune to petrification.


Message History

The gnoll is no longer moving quickly.
Casting: Sandblast (safe; 2% risk of failure)
Confirm with . or Enter, or press ? or * to list all spells.
Aiming: Sandblast (safe; 2% risk of failure)
Press: ? - help, Shift-Dir - straight line, f - hound, p - gnoll
Aim: a hound (heavily wounded, 75% to hit)
The blast of sand hits the hound.
The hound is almost dead.
The gnoll is no longer moving quickly. x2; The hound bites you.
The hound barely misses you.
The gnoll bouda calls upon its god to heal the gnoll.
The gnoll is healed somewhat.
The hound bites you.
Casting: Sandblast (safe; 2% risk of failure)
Confirm with . or Enter, or press ? or * to list all spells.
Aiming: Sandblast (safe; 2% risk of failure)
Press: ? - help, Shift-Dir - straight line, f/p - hound
Aim: a hound (almost dead, 75% to hit)
The blast of sand hits the hound.
You kill the hound!
The gnoll is no longer moving quickly.
The gnoll bouda calls upon its god to heal the gnoll.
The gnoll is healed somewhat.
Your Conjurations skill increases to level 3!
Your Earth Magic skill increases to level 5!
The gnoll attacks as it pursues you! The gnoll barely misses you.
Your attacks no longer feel as feeble.
The gnoll attacks as it pursues you! The gnoll misses you.
The gnoll bouda barks out a call to the hunt!
The gnolls pick up the pace!
The gnoll attacks as it pursues you! The gnoll hits you with a +0 flail.
The gnoll attacks as it pursues you! The gnoll hits you but does no damage.
The gnoll hits you with a +0 flail.
* * * LOW HITPOINT WARNING * * *
As you read the scroll labelled NENOOCV VEPN, it crumbles to dust.
You feel strangely unstable.
It was a scroll of teleportation.
The gnoll hits you from afar with a +0 spear.
* * * LOW HITPOINT WARNING * * *
The gnoll hits you but does no damage. The gnoll hits you with a +0 flail!
You die...

### ##################.#
...................#######
#############...@gg.......
#.####.####### #
#.#....g...... .
#.#.#...###### .
#.#.#...############.
............g..g.#..g.
################.##.#.
...........#g
#######....#.


You could see 3 gnolls.

Vanquished Creatures
  A hound (D:4)
  5 adders
  2 dart slugs
  A ribbon worm (D:2)
  2 orcs (D:3)
  3 ball pythons
  11 bats
  10 endoplasms
  2 giant cockroaches
  5 goblins
  3 hobgoblins
  4 jackals (D:2)
  3 kobolds
  3 quokkas
  2 frilled lizards
  7 rats
64 creatures vanquished.

Notes
Turn   | Place    | Note
-------+----------+-------------------------------------------
     0 | D:1      | Essalna the Gargoyle Earth Elementalist began the quest for
                  | the Orb.
     0 | D:1      | Reached XP level 1. HP: 10/10 MP: 3/3
   195 | D:1      | Reached XP level 2. HP: 13/15 MP: 3/5
   460 | D:1      | Reached skill level 4 in Earth Magic
   603 | D:1      | Found a faded altar of an unknown god.
   945 | D:2      | Reached XP level 3. HP: 19/19 MP: 0/6
  1357 | D:2      | Found Gotzuliu's Weapon Shoppe.
  1624 | D:2      | Reached XP level 4. HP: 24/24 MP: 6/8
  2380 | D:4      | Reached XP level 5. HP: 28/28 MP: 7/9
  2420 | D:4      | Reached skill level 5 in Earth Magic
  2427 | D:4      | Slain by a gnoll

Illustrated notes

Levels and vault maps discovered:
D:1:      onia_arrival_mini_spirals, layout_loops_ring,
          ebering_ecumenical_altar_box, minmay_pentomino_z2
D:2:      layout_loops_ring, serial_shops, nicolae_shop_tiny_real_fake_doors
D:3:      layout_rooms
D:4:      layout_basic, grunt_temple_overflow_open

Skill      XL: |  1  2  3  4  5 |
---------------+----------------+-----
Earth Magic    | 4 5 |  5.0
Conjurations   | 2 3 |  3.1
Spellcasting   | 3 |  3.3
Dodging        | |  1.5
Stealth        | |  2.1

Action                     |  1- 3 |  4- 6 || total
---------------------------+-------+-------++-------
   Cast: Sandblast         |    60 |    34 ||    94
    Use: Scroll            |       |     1 ||     1
 Armour: Robe              |    10 |    16 ||    26
  Dodge: Dodged            |     9 |     9 ||    18

Table legend: (Time is in decaauts)
 A = Elapsed time spent in this place.
 B = Non-inter-level travel time spent in this place.
 C = Inter-level travel time spent in this place.
 D = Time resting spent in this place.
 E = Time spent auto-exploring this place.
 F = Levels seen in this place.
 G = Mean time per level.
                   A        B        C        D        E       F      G
               +--------+--------+--------+--------+--------+-----+--------+
         Total |   2473 |   2418 |     55 |      0 |   2062 |   4 |  618.2 |
       Dungeon |   2473 |   2418 |     55 |      0 |   2062 |   4 |  618.2 |
               +--------+--------+--------+--------+--------+-----+--------+

Top non-repeatable levels by time:
     D:1: 936 daAuts
     D:2: 861 daAuts
     D:3: 528 daAuts
     D:4: 146 daAuts
